 Dungeon Crawl Stone Soup version 0.22-a0-109-gbeb7240 (webtiles) character file.

658 tof the Slasher (level 7, -1/61 HPs)
             Began as a Minotaur Fighter on Jan 26, 2018.
             Killed by nerve-wracking pain
             ... invoked by an orc priest
              (13 damage)
             ... on level 5 of the Dungeon.
             The game lasted 00:05:58 (3030 turns).

tof the Slasher (Minotaur Fighter)                  Turns: 3030, Time: 00:05:58

Health: -1/61      AC:  7    Str: 21    XL:     7   Next: 29%
Magic:  6/6        EV:  9    Int:  5    God:
Gold:   264        SH:  0    Dex: 11    Spells: 6/6 levels left

rFire    . . .     SeeInvis .   a - +0 long sword
rCold    . . .     Gourm    +   c - +0 shield
rNeg     . . .     Faith    .   u - +0 leather armour {rPois}
rPois    +         Spirit   .   (helmet restricted)
rElec    .         Reflect  .   t - +2 cloak
rCorr    .         Harm     .   (no gloves)
MR       .....                  (no boots)
Stlth    +.........             m - amulet of the gourmand
HPRegen  0.20/turn              (no ring)
MPRegen  0.10/turn              (no ring)

@: confused, lethally poisoned (-1 -> -5)
A: retaliatory headbutt, horns 2
a: no special abilities


You were on level 5 of the Dungeon.
You were not hungry.

You visited 1 branch of the dungeon, and saw 5 of its levels.

You collected 264 gold pieces.

Inventory:

Hand Weapons
 a - a +0 long sword (weapon)
Missiles
 p - 5 tomahawks (quivered)
Armour
 c - a +0 shield (worn)
 t - a +2 cloak (worn)
 u - a +0 leather armour of poison resistance (worn)
Jewellery
 j - an uncursed amulet of regeneration
 m - an amulet of the gourmand (around neck)
Wands
 o - a wand of random effects (31)
Scrolls
 i - a scroll of enchant armour {unknown}
 n - a scroll of teleportation
 s - 3 scrolls of enchant weapon
Potions
 b - a potion of degeneration {unknown}
 d - 2 potions of might
 e - 3 potions of curing
 g - a potion of lignification {unknown}
 h - a potion of berserk rage
 k - a potion of haste {unknown}
 l - a potion of magic {unknown}
 q - 3 potions of heal wounds {unknown}
 r - a potion of invisibility {unknown}
Comestibles
 f - 2 rations


   Skills:
 + Level 5.5 Fighting
 * Level 6.5 Long Blades
 + Level 5.6 Armour
 + Level 5.5 Shields


You had 6 spell levels left.
You didn't know any spells.

Dungeon Overview and Level Annotations

Branches:
Dungeon (5/15)
 Temple: D:4-7

Altars:
Gozag
Kikubaaqudgha
Yredelemnul


Innate Abilities, Weirdness & Mutations

You reflexively headbutt those who attack you in melee.
You have a pair of horns on your head.


Message History

You hear some strange, mumbled words.
You are more confused.
You feel sick.
You hit the orc wizard but do no damage.
You feel sick. The orc priest barely misses you.
The orc wizard hits you with a dagger.
* * * LOW HITPOINT WARNING * * *
The scorpion closely misses you.
You feel sick.
The orc wizard hits you but does no damage.
The orc priest hits you but does no damage.
You miss something. Your headbutt misses something.
You feel sick. The orc wizard hits you with a dagger.
* * * LOW HITPOINT WARNING * * *
You hear some strange, mumbled words.
Something tries to affect you, but you resist.
The orc wizard barely misses you.
The orc priest calls down the wrath of Beogh upon you.
Pain shoots through your body!
You die...

#..............
##.............
##.............
##...(..........
###...............
##...#.............
##..####.....)...... ##..##
#............ ###..##
#@os...<..... ##....###
##o.....?.... ##.......##
#...........
##.........####...........
###............##..#########
#...............#..#
...............)#.##
.......)...^......#
......)<..........#


You could see a scorpion, an orc priest and an orc wizard.

Vanquished Creatures
  The ghost of tilp the Conjurer, an amateur DrCj (D:4)
  A phantom (D:4)
  An ogre (D:4)
  A vampire bat (D:2)
  A hound (D:4)
  Crazy Yiuf (D:4)
  5 adders
  3 oozes
  2 adder skeletons (D:4)
  3 worms
  2 dart slugs (D:1)
  3 leopard geckos
  15 orcs
  4 bat skeletons (D:2)
  2 bat zombies (D:2)
  6 giant cockroaches
  5 goblins
  6 hobgoblins
  11 jackals
  2 quokkas (D:2)
  8 bats
  2 frilled lizards (D:3)
  2 kobolds
  5 rats
  A spectral orc (D:3)
93 creatures vanquished.

Notes
Turn   | Place    | Note
-------+----------+-------------------------------------------
     0 | D:1      | tof the Minotaur Fighter began the quest for the Orb.
     0 | D:1      | Reached XP level 1. HP: 19/19 MP: 0/0
   128 | D:1      | Reached XP level 2. HP: 27/27 MP: 1/1
   215 | D:1      | Reached skill level 3 in Long Blades
   403 | D:1      | Reached XP level 3. HP: 33/33 MP: 2/2
   952 | D:2      | Found an ancient bone altar of Kikubaaqudgha.
   962 | D:2      | Reached skill level 4 in Long Blades
   962 | D:2      | Reached XP level 4. HP: 40/40 MP: 3/3
  1443 | D:3      | Found an opulent altar of Gozag.
  1507 | D:3      | Reached XP level 5. HP: 41/47 MP: 4/4
  1832 | D:3      | Found a basalt altar of Yredelemnul.
  2119 | D:4      | Noticed tilp's ghost (amateur DrCj)
  2154 | D:4      | Killed tilp's ghost
  2154 | D:4      | Reached skill level 5 in Fighting
  2154 | D:4      | Reached skill level 5 in Long Blades
  2154 | D:4      | Reached skill level 5 in Armour
  2154 | D:4      | Reached skill level 5 in Shields
  2154 | D:4      | Reached XP level 6. HP: 23/56 MP: 5/5
  2200 | D:4      | Reached skill level 6 in Long Blades
  2284 | D:4      | Reached XP level 7. HP: 47/61 MP: 6/6
  2402 | D:4      | Found a runed door.
  2406 | D:4      | Noticed Crazy Yiuf
  2414 | D:4      | Killed Crazy Yiuf
  2936 | D:5      | Entered Level 5 of the Dungeon
  3030 | D:5      | Killed from afar by an orc priest

Vault maps used:
D:1:      ncdulo_watergridlock, minmay_misc_feat_pillars, minmay_tromino_v2
D:2:      kennysheep_vampire_church, grunt_ministairs_2, grunt_decor_resistance
D:3:      yredelemnul_forgotten_temple_becter, lemuel_crystal_altar,
          kennysheep_generic_room_15
D:4:      uniq_crazy_yiuf_cottage
D:5:      gammafunk_temple_overflow_elements, first_ration,
          kennysheep_generic_room_4, uniq_sigmund

Skill      XL: |  1  2  3  4  5  6 |
---------------+-------------------+-----
Long Blades    | 3 4 5 6 |  6.5
Armour         | 4 5 |  5.6
Fighting       | 4 5 |  5.5
Shields        | 4 5 |  5.5

Action                   |  1- 3 |  4- 6 |  7- 9 || total
-------------------------+-------+-------+-------++-------
Melee: Long sword        |    81 |   130 |    59 ||   270
       Headbutt          |    16 |    15 |    10 ||    41
Throw: Tomahawk          |       |       |     1 ||     1
  Use: Scroll            |       |     6 |       ||     6
  Eat: Chunk             |       |     5 |     5 ||    10
Armor: Scale mail        |    42 |    49 |       ||    91
       Leather armour    |       |     2 |    25 ||    27
Dodge: Dodged            |    29 |    48 |    18 ||    95
Block: Shield            |    65 |    61 |    26 ||   152
       Rpst.: Long sword |     6 |    19 |     4 ||    29

Table legend:
 A = Spawn XP
 B = Non-spawn XP
 C = Spawn XP percentage of total XP
 D = Spawn monster count
 E = Non-spawn monster count
 F = Spawn count percentage of total count
 G = Total turns spent on level
                    A         B        C        D         E        F      G
               +---------+---------+-------+---------+---------+-------+---------
         Total |       0 |     940 |   0.0 |       0 |      93 |   0.0 |  3030
               +---------+---------+-------+---------+---------+-------+---------
           D:1 |       0 |      45 |   0.0 |       0 |      24 |   0.0 |   617
           D:2 |       0 |     110 |   0.0 |       0 |      21 |   0.0 |   710
           D:3 |       0 |      71 |   0.0 |       0 |      22 |   0.0 |   654
           D:4 |       0 |     699 |   0.0 |       0 |      21 |   0.0 |   955
           D:5 |       0 |      15 |   0.0 |       0 |       5 |   0.0 |    94
               +---------+---------+-------+---------+---------+-------+---------
